 Dungeon Crawl Stone Soup version 0.31-a0-1291-g5386780bc2 (webtiles) character file.

Game seed: 11088813335297648152

426 Colgate the Sneak (level 7, -2/45 HPs)
             Began as a Kobold Brigand on Dec 18, 2023.
             Was a Believer of Lugonu.
             Succumbed to a scorpion's poison
             ... on level 3 of the Dungeon.
             The game lasted 00:13:05 (4446 turns).

Colgate the Sneak (Kobold Brigand)                  Turns: 4446, Time: 00:13:05

Health: -2/45      AC:  4    Str:  8    XL:     7   Next: 18%
Magic:  7/7        EV: 15    Int: 12    God:    Lugonu [**....]
Gold:   99         SH:  0    Dex: 19    Spells: 6/6 levels left

rFire   . . .        a - +2 dagger
rCold   . . .        (no shield)
rNeg    . . .        b - +0 robe
rPois   .            (no helmet)
rElec   .            c - +0 cloak
rCorr   .            e - +0 pair of gloves
SInv    .            (no boots)
Will    .....        (no amulet)
Stlth   ++++         (no ring)
HPRegen 0.27/turn    (no ring)
MPRegen 0.10/turn

%: no passive effects
@: lethally poisoned (-2 -> -24)
A: small, no large weapons, nightstalker 3
a: Renounce Religion, Depart the Abyss, Banish


You were on level 3 of the Dungeon.
You worshipped Lugonu.
Lugonu was pleased with you.
You visited 1 branch of the dungeon, and saw 4 of its levels.

You collected 99 gold pieces.

Inventory:

Hand Weapons
 a - a +2 dagger (weapon)
Missiles
 o - 4 poisoned darts (quivered)
Armour
 b - a +0 robe (worn)
 c - a +0 cloak (worn)
 e - a +0 pair of gloves (worn)
Jewellery
 n - a ring of ice
 r - a ring of protection from fire
Scrolls
 d - a scroll of amnesia {unknown}
 g - 4 scrolls of teleportation {@r3}
 h - a scroll of fear {unknown}
 j - a scroll of poison {unknown}
 l - a scroll of vulnerability
 m - a scroll of fog {unknown}
 p - a scroll of enchant armour {unknown}
 q - a scroll of silence {unknown}
Potions
 f - a potion of curing {unknown}
 i - 2 potions of brilliance {unknown}
 k - 2 potions of heal wounds {unknown}


   Skills:
 - Level 5.6 Fighting
 - Level 6.0 Short Blades
 - Level 2.1 Throwing
 + Level 2.2 Dodging
 - Level 6.1 Stealth


You had 6 spell levels left.
You didn't know any spells.
Your spell library was empty.

Dungeon Overview and Level Annotations

Branches:
Dungeon (4/15)
 Temple: D:4-7

Altars:
Gozag
Lugonu


Innate Abilities, Weirdness & Mutations

You are small and have problems with some larger weapons.
You are completely attuned to the shadows.


Message History

The scorpion closely misses you.
You hit the scorpion. The scorpion stings you.
You hit the scorpion but do no damage. The scorpion closely misses you.
You barely miss the scorpion. You hit the scorpion. The scorpion stings you!
You closely miss the scorpion. The scorpion misses you.
You closely miss the scorpion. The scorpion stings you.
You hit the scorpion. The scorpion stings you!
You are poisoned.
The scorpion poisons you!
You are too injured to fight recklessly!
You are too injured to fight recklessly!
You are too injured to fight recklessly!
You hit the scorpion but do no damage.
You feel sick. The scorpion misses you.
You hit the scorpion.
You feel sick. The scorpion completely misses you.
You hit the scorpion but do no damage.
You feel sick.
You hit the scorpion but do no damage.
You feel sick. The scorpion barely misses you.
You closely miss the scorpion.
You feel sick. The scorpion misses you.
You barely miss the scorpion. The scorpion stings you.
You closely miss the scorpion.
You feel sick. The scorpion stings you.
* * * LOW HITPOINT WARNING * * *
You are lethally poisoned!
The scorpion poisons you!
You hit the scorpion.
You punch the scorpion, but do no damage.
* * * LOW HITPOINT WARNING * * *
You feel very sick. The scorpion completely misses you.
You hit the scorpion but do no damage.
* * * LOW HITPOINT WARNING * * *
You feel very sick.
You hit the scorpion but do no damage.
* * * LOW HITPOINT WARNING * * *
You feel sick. The scorpion stings you.
* * * LOW HITPOINT WARNING * * *
You are more poisoned.
The scorpion poisons you!
You hit the scorpion but do no damage.
You die...

######## #.........# #......#
#.........# #.##...#
#.........#
####.#....###.........#
#.##.#..........#######
#######.##.##.#..##.#.#
#....##.......#..##.#.#
##.#.##.#######..##.#.########
#...........@........).......
#...########s...##.#.#.......
##.....#......#..##.#.#.######
#......#......#<.........#
####.###......###..##.####
#...'......# ##....# ######
#####.....## ###..###....#
####### ##...'..... #.###.....


You could see a scorpion.

Vanquished Creatures
  A howler monkey (D:4)
  A hound (D:4)
  A jelly (D:4)
  An orc priest (D:3)
  Natasha (thrice) (D:3)
  An orc wizard (D:3)
  5 adders
  7 gnolls
  A worm (D:3)
  2 dart slugs
  6 orcs
  4 endoplasms
  3 giant cockroaches (D:2)
  7 goblins
  9 hobgoblins
  4 jackals (D:2)
  7 kobolds
  2 quokkas
  2 ball pythons
  9 bats
  3 frilled lizards
  6 rats
85 creatures vanquished.

Notes
Turn   | Place    | Note
-------+----------+-------------------------------------------
     0 | D:1      | Colgate the Kobold Brigand began the quest for the Orb.
     0 | D:1      | Reached XP level 1. HP: 12/12 MP: 1/1
   158 | D:1      | Reached XP level 2. HP: 17/17 MP: 2/2
   365 | D:1      | Reached XP level 3. HP: 12/21 MP: 3/3
   427 | D:1      | Found a faded altar of an unknown god.
   472 | D:1      | Prayed at the altar of an unknown god.
   472 | D:1      | Became a worshipper of Lugonu the Unformed
   472 | D:1      | Reached * piety under Lugonu
   982 | D:2      | Reached XP level 4. HP: 26/27 MP: 4/4
  1499 | D:2      | Reached XP level 5. HP: 27/32 MP: 5/5
  1726 | D:3      | Noticed Natasha
  1989 | D:3      | Reached ** piety under Lugonu
  2140 | D:3      | HP: 1/34 [gnoll/+0 club (4)]
  2609 | D:3      | Found an opulent altar of Gozag.
  2740 | D:3      | Reached skill level 5 in Fighting
  2740 | D:3      | Reached XP level 6. HP: 36/40 MP: 6/6
  3637 | D:3      | Found an opulent altar of Gozag.
  3698 | D:3      | Killed Natasha
  3804 | D:3      | Noticed Natasha
  3831 | D:3      | Killed Natasha
  4002 | D:3      | Noticed Natasha
  4007 | D:3      | Killed Natasha
  4251 | D:4      | Reached skill level 5 in Short Blades
  4326 | D:4      | Noticed an ogre
  4329 | D:4      | Reached XP level 7. HP: 45/45 MP: 7/7
  4445 | D:3      | HP: 1/45 [scorpion (5)]
  4446 | D:3      | Succumbed to a scorpion's poison

Illustrated notes

Levels and vault maps discovered:
D:1:      sevenhm_arrival_forest_fort_small_3, layout_basic,
          shapermc_ecumenical_altar_gd
D:2:      layout_loops_ring
D:3:      layout_basic, mainiacjoe_overflow_brackets, grunt_ministairs_14,
          uniq_natasha
D:4:      layout_rooms, grunt_temple_overflow_diamond, minmay_temple_entry_tees,
          gammafunk_ghost_arena, uniq_pikel

Skill      XL: |  1  2  3  4  5  6  7 |
---------------+----------------------+-----
Short Blades   | 3 4 5 6 |  6.0
Stealth        | 6 |  6.1
Fighting       | 3 5 |  5.6
Dodging        | 2 |  2.2
Throwing       | |  2.1

Action                     |  1- 3 |  4- 6 |  7- 9 || total
---------------------------+-------+-------+-------++-------
  Melee: Dagger            |    76 |   213 |    32 ||   321
         Punch             |       |     2 |     1 ||     3
  Throw: Dart              |     3 |    31 |     1 ||    35
    Use: Scroll            |       |     2 |       ||     2
   Stab: Sleeping          |    15 |    17 |     1 ||    33
         Distracted        |       |     2 |       ||     2
 Armour: Robe              |    22 |    89 |    14 ||   125
  Dodge: Dodged            |    27 |   123 |    21 ||   171

Table legend: (Time is in decaauts)
 A = Elapsed time spent in this place.
 B = Non-inter-level travel time spent in this place.
 C = Inter-level travel time spent in this place.
 D = Time resting spent in this place.
 E = Time spent auto-exploring this place.
 F = Levels seen in this place.
 G = Mean time per level.
                   A        B        C        D        E       F      G
               +--------+--------+--------+--------+--------+-----+--------+
         Total |   4390 |   4092 |    298 |     91 |   3125 |   4 | 1097.5 |
       Dungeon |   4390 |   4092 |    298 |     91 |   3125 |   4 | 1097.5 |
               +--------+--------+--------+--------+--------+-----+--------+

Top non-repeatable levels by time:
     D:3: 2240 daAuts
     D:2: 1017 daAuts
     D:1: 872 daAuts
     D:4: 259 daAuts
